 Dungeon Crawl Stone Soup version 0.31-a0-175-g9f7f995f2b (webtiles) character file.

Game seed: 15083602820462943725

56 qw the Chopper (level 3, -8/23 HPs)
             Began as a Gargoyle Fighter on June 16, 2023.
             Mangled by a gnoll
             ... wielding a +0 heavy flail
              (13 damage)
             ... on level 3 of the Dungeon.
             The game lasted 00:00:41 (1358 turns).

qw the Chopper (Gargoyle Fighter)                   Turns: 1358, Time: 00:00:42

Health: -8/23      AC: 10    Str: 27    XL:     3   Next: 97%
Magic:  3/3        EV:  7    Int:  8    God:
Gold:   46         SH: 11    Dex:  9    Spells: 2/2 levels left

rFire   . . .        Y - +4 broad axe (heavy)
rCold   . . .        f - +0 tower shield
rNeg    + . .        b - +0 scale mail
rPois   inf          (no helmet)
rElec   +            (no cloak)
rCorr   .            (no gloves)
SInv    .            (no boots)
Will    .....        (no amulet) Stlth
                     k - +6 ring of strength
HPRegen 0.23/turn    (no ring)
MPRegen 0.08/turn

%: no passive effects
@: no status effects
A: sickness immunity, AC +3, negative energy resistance 1, electricity
resistance, torment resistance 1, petrification resistance
a: no special abilities


You were on level 3 of the Dungeon.
You visited 1 branch of the dungeon, and saw 3 of its levels.

You collected 46 gold pieces.


Innate Abilities, Weirdness & Mutations

You are immune to sickness and miasma.
Your stone body is resilient. (AC +3)
You are immune to poison.
You resist negative energy. (rN+)
You are resistant to electric shocks. (rElec)
You are resistant to unholy torment.
You are immune to petrification.


   Skills:
 - Level 3.2 Fighting
 - Level 3.7 Axes
 - Level 3.2 Armour
 + Level 3.2 Shields


You had 2 spell levels left.
You didn't know any spells.
Your spell library was empty.

Inventory:

Hand Weapons
 i - a +0 whip
 Y - a +4 heavy broad axe (weapon)
Armour
 b - a +0 scale mail (worn)
 f - a +0 tower shield (worn)
Jewellery
 k - a +6 ring of strength (left hand)
Scrolls
 h - a scroll of identify
Potions
 a - a potion of brilliance {unknown}
 d - a potion of might
 e - a potion of curing
 j - a potion of heal wounds {unknown}

Dungeon Overview and Level Annotations

Branches:
Dungeon (3/15)

Altars:

Shops:
D:1 *


Message History

It was a scroll of poison.
Done exploring.
1334 ||| READING scroll labelled YLAGEU POKH.
As you read the scroll labelled YLAGEU POKH, it crumbles to dust.
You feel strangely unstable.
It was a scroll of teleportation.
You start waiting.
Your surroundings suddenly seem different.
Done exploring.
1338 ||| READING scroll labelled UROEMO ZIPPU.
Blink to where?
Press: ? - help, Dir - move target, f - you Are you sure you want to cancel this blink?
As you read the scroll labelled UROEMO ZIPPU, it crumbles to dust.
It was a scroll of blinking.
Done exploring.
(D) Dungeon
Where to? (* - list waypoints, Enter - D:2, ? - help)
What level of the Dungeon? (default 1, ? - help)
There is a stone staircase leading down here.
You climb downwards.
There is a stone staircase leading up here.
Waypoint 2 assigned to D:3. 3 gnolls come into view.
A gnoll is wielding a +0 heavy flail.
Found an arbalest.
The gnoll shouts! x3
The gnoll moves out of view.
You block the gnoll's attack. The gnoll hits you but does no damage.
You barely miss the gnoll. You slash the gnoll!
The gnoll hits you with a +0 heavy flail!!
Ouch! That really hurt!
The gnoll hits you but does no damage. x2; You block the gnoll's attack.
The gnoll barely misses you.
You closely miss the gnoll.
The gnoll is heavily wounded.
You slash the gnoll! You hit the gnoll. You block the gnoll's attack.
The gnoll hits you but does no damage.
The gnoll hits you with a +0 heavy flail!
Ouch! That really hurt!
You die...

####################
#<..................
############@g......
#gg...... .........
..........
#..........
#.......)..
#...######+ .....


You could see 3 gnolls.

Vanquished Creatures
  A worm (D:2)
  2 dart slugs
  5 bats (D:1)
  3 endoplasms (D:1)
  A giant cockroach (D:1)
  4 goblins
  6 hobgoblins
  6 jackals
  7 kobolds (D:1)
  A quokka (D:2)
  6 ball pythons
  4 rats
46 creatures vanquished.

Notes
Turn   | Place    | Note
-------+----------+-------------------------------------------
     0 | D:1      | qw the Gargoyle Fighter began the quest for the Orb.
     0 | D:1      | Reached XP level 1. HP: 14/14 MP: 1/1
     0 | D:1      | 0 ||| qw: Version: 0.2-a-29-g511e9b1
     0 | D:1      | 0 ||| qw: Game counter: 5764
     0 | D:1      | 0 ||| qw: Always use a shield: true
     0 | D:1      | 0 ||| qw: God list: Okawaru
     0 | D:1      | 0 ||| qw: Allow faded altars: false
     0 | D:1      | 0 ||| qw: Do Orc after D:15 true
     0 | D:1      | 0 ||| qw: Do second Lair branch before Depths: true
     0 | D:1      | 0 ||| qw: Lair rune preference: random
     0 | D:1      | 0 ||| qw: Plans: Normal, Zot:1-4, Slime:5, God:TSO, Crypt,
                  | Tomb, Abyss, Pan, Hells, Win
     0 | D:1      | 0 ||| PLANNING D:1-11
    42 | D:1      | Found Zautuadu's Assorted Antiques.
    49 | D:1      | 49 ||| SHOPLISTING black potion (14 gold, have 7).
    49 | D:1      | 49 ||| SHOPLISTING lumpy cabochon amulet (80 gold, have 7).
    49 | D:1      | 49 ||| SHOPLISTING purple potion (14 gold, have 7).
    49 | D:1      | 49 ||| SHOPLISTING runed helmet (120 gold, have 7).
    49 | D:1      | 49 ||| SHOPLISTING scroll labelled YLAGEU POKH (16 gold,
                  | have 7).
   105 | D:1      | 105 ||| Stepping ~*~*~tactically~*~*~ (hiding).
   106 | D:1      | 106 ||| Stepping ~*~*~tactically~*~*~ (hiding).
   142 | D:1      | Reached XP level 2. HP: 19/19 MP: 2/2
   148 | D:1      | 148 ||| Stepping ~*~*~tactically~*~*~ (hiding).
   150 | D:1      | 150 ||| Stepping ~*~*~tactically~*~*~ (hiding).
   152 | D:1      | 152 ||| Stepping ~*~*~tactically~*~*~ (hiding).
   154 | D:1      | 154 ||| Stepping ~*~*~tactically~*~*~ (hiding).
   399 | D:1      | 399 ||| Stepping ~*~*~tactically~*~*~ (hiding).
   423 | D:1      | 423 ||| DROPPING +0 club.
   473 | D:1      | Reached skill level 3 in Axes
   494 | D:1      | 494 ||| Stepping ~*~*~tactically~*~*~ (stealth).
   499 | D:1      | Reached XP level 3. HP: 21/23 MP: 3/3
   747 | D:1      | 747 ||| READING scroll labelled VOLY CEOCS.
   747 | D:1      | Identified a scroll of acquirement
   747 | D:1      | 747 ||| ACQUIRING +4 heavy broad axe
   747 | D:1      | Acquired a +4 heavy broad axe
   749 | D:1      | 749 ||| UPGRADING to +4 heavy broad axe.
   750 | D:1      | 750 ||| DROPPING +0 war axe.
   751 | D:1      | 751 ||| READING scroll labelled UROBRIAW JUHUSMA.
   752 | D:1      | 752 ||| READING 3 scrolls labelled WIDUPPE ZYPNU.
   753 | D:1      | 753 ||| READING 2 scrolls of identify.
   753 | D:1      | 753 ||| IDENTIFYING yellow potion
  1027 | D:2      | 1027 ||| Stepping ~*~*~tactically~*~*~ (hiding).
  1223 | D:2      | 1223 ||| Stepping ~*~*~tactically~*~*~ (stealth).
  1321 | D:2      | 1321 ||| UPGRADING to +0 tower shield.
  1331 | D:2      | 1331 ||| DROPPING +0 buckler.
  1332 | D:2      | 1332 ||| UPGRADING to +6 ring of strength.
  1333 | D:2      | 1333 ||| READING scroll labelled DAIQOAVVO.
  1334 | D:2      | 1334 ||| READING scroll labelled YLAGEU POKH.
  1338 | D:2      | 1338 ||| READING scroll labelled UROEMO ZIPPU.
  1357 | D:3      | HP: 5/23 [gnoll/+0 heavy flail (18)]
  1358 | D:3      | Mangled by a gnoll

Levels and vault maps discovered:
D:1:      saegor_arrival_under_anarchy, layout_basic, serial_shops, shop
D:2:      layout_basic
D:3:      minmay_skewed_foursquare, layout_basic,
          chequers_ecumenical_altar_twisty, uniq_terence, uniq_sigmund,
          uniq_ijyb

Skill      XL: |  1  2 |
---------------+-------+-----
Axes           | 2 3 |  3.7
Fighting       | |  3.2
Armour         | |  3.2
Shields        | |  3.2

Action                     || total
---------------------------++-------
  Melee: War axe           ||    57
         Broad axe         ||    27
    Use: Scroll            ||     7
 Armour: Scale mail        ||    46
  Dodge: Dodged            ||    44
  Block: Buckler           ||    14
         Tower shield      ||     3

Table legend:
 A = Non-vault XP
 B = Vault XP
 C = Vault XP percentage of total XP
 D = Non-vault monster count
 E = Vault monster count
 F = Vault count percentage of total count
                 A         B        C        D         E       F
            +---------+---------+-------+---------+---------+-------
      Total |      81 |       0 |   0.0 |      46 |       0 |   0.0
            +---------+---------+-------+---------+---------+-------
        D:1 |      43 |       0 |   0.0 |      28 |       0 |   0.0
        D:2 |      38 |       0 |   0.0 |      18 |       0 |   0.0
            +---------+---------+-------+---------+---------+-------
